 Dungeon Crawl Stone Soup version 0.30.0-20-g3615ddf2f0 (webtiles) character file.

Game seed: 7265304640723063481

7839 qw the Cleaver (level 11, -1/71 HPs)
             Began as a Gargoyle Fighter on May 31, 2023.
             Was a Priest of Okawaru.
             Slain by a manticore (15 damage)
             ... on level 11 of the Dungeon.
             The game lasted 00:04:56 (9653 turns).

qw the Cleaver (Gargoyle Fighter)                   Turns: 9653, Time: 00:04:56

Health: -1/71      AC: 36    Str: 20    XL:     11   Next: 21%
Magic:  23/23      EV:  9    Int: 12    God:    Okawaru [***...]
Gold:   274        SH:  7    Dex: 16    Spells: 10/10 levels left

rFire   . . .        Y - +0 broad axe
rCold   . . .        c - +0 buckler
rNeg    + + +        j - +0 plate armour of the Land of Plenty {rPois rF+}
rPois   inf          r - +2 hat of Xiot {Str-3 Int+2 Dex+7 SInv}
rElec   +            (no cloak)
rCorr   .            o - +1 pair of gloves
SInv    +            (no boots)
Will    .....        (no amulet) Stlth
                     g - +4 ring of protection
HPRegen 0.31/turn    k - ring of the Bruised Nightmares {rN+++ MP+9 AC+4 Slay+3 Stlth+}
MPRegen 0.18/turn

%: clarity
@: about to teleport, heroic
A: sickness immunity, AC +8, negative energy resistance 1, electricity
resistance, torment resistance 1, petrification resistance, antennae 1, clarity,
heat vulnerability 1
a: Renounce Religion, Heroism


You were on level 11 of the Dungeon.
You worshipped Okawaru.
Okawaru was most pleased with you.
You visited 2 branches of the dungeon, and saw 12 of its levels.

You collected 709 gold pieces.
You spent 435 gold pieces at shops.


Innate Abilities, Weirdness & Mutations

You are immune to sickness and miasma.
Your stone body is resilient. (AC +8)
You are immune to poison.
You resist negative energy. (rN+)
You are resistant to electric shocks. (rElec)
You are resistant to unholy torment.
You are immune to petrification.
You have a pair of small antennae on your head.
You possess an exceptional clarity of mind.
You are vulnerable to heat. (rF-)


   Skills:
 - Level 9.0(14.0) Fighting
 + Level 11.2(16.2) Axes
 - Level 2.1(7.1) Throwing
 - Level 8.0(13.0) Armour
 - Level 2.0(7.0) Dodging
 - Level 5.0(10.0) Shields
 - Level 4.2 Invocations


You had 10 spell levels left.
You didn't know any spells.
Your spell library was empty.

Inventory:

Hand Weapons
 t - the +11 flail of Beogh's Inspiration {protect, rC- rN++ Str+3 Int+2}
   (You found it on level 9 of the Dungeon)

   Str:       It affects your strength (+3).
   Int:       It affects your intelligence (+2).
   rC:        It makes you vulnerable to cold.
   rN:        It greatly protects you from negative energy.
 Y - a +0 broad axe (weapon)
Armour
 c - a +0 buckler (worn)
 j - the +0 plate armour of the Land of Plenty (worn) {rPois rF+}
   (You found it on level 3 of the Dungeon)

   rF:        It protects you from fire.
   rPois:     It protects you from poison.
 o - a +1 pair of gloves (worn)
 r - the +2 hat of Xiot (worn) {Str-3 Int+2 Dex+7 SInv}
   (You bought it in a shop on level 5 of the Dungeon)

   Str:       It affects your strength (-3).
   Int:       It affects your intelligence (+2).
   Dex:       It affects your dexterity (+7).
   SInv:      It lets you see invisible.
 s - +0 acid dragon scales
Jewellery
 g - a +4 ring of protection (left hand)
 k - the ring of the Bruised Nightmares (right hand) {rN+++ MP+9 AC+4 Slay+3 Stlth+}
   (You found it on level 5 of the Dungeon)

   [ring of protection]

   AC:        It affects your AC (+4).
   Slay:      It affects your accuracy & damage with ranged weapons and melee
   (+3).
   rN:        It renders you almost immune to negative energy.
   MP:        It affects your magic capacity (+9).
   Stlth:     It makes you more stealthy.
 l - a ring of protection from fire
Scrolls
 b - 3 scrolls of teleportation
 i - 2 scrolls of identify
Potions
 a - 2 potions of resistance
 d - 3 potions of might
 e - 5 potions of curing
 f - 4 potions of heal wounds
 h - 2 potions of attraction
 m - a potion of haste
 n - a potion of mutation
 q - a potion of lignification

Dungeon Overview and Level Annotations

Branches:
Dungeon (11/15)            Temple (1/1) D:4
   Lair: D:8-11         Orc: D:9-12

Altars:
Ashenzari
Cheibriados
Dithmenos
Elyvilon
Fedhas
Gozag
Hepliaklqana
Kikubaaqudgha
Makhleb
Nemelex Xobeh
Okawaru
Qazlal
Ru
Sif Muna
Trog
Uskayaw
Vehumet
Wu Jian
Xom
Yredelemnul
Zin
The Shining One

Shops:
D:5 [   D:10 (


Message History

The volley of spikes hits you but does no damage.
You hit the orc wizard.
The orc wizard is almost dead.
The orc wizard points at you and mumbles some strange words.
The puff of flame hits you but does no damage.
The manticore flicks its tail.
You block the volley of spikes.
You slash the orc wizard!
You kill the orc wizard!
Okawaru accepts your kill.
The barbs in your skin will harm you if you move.
Continue?
The barbed spikes dig painfully into your body as you move.
The manticore closely misses you. The manticore barely misses you.
The manticore claws you but does no damage.
Things that are here:
a +0 flail; an orc corpse You slash the manticore!
The manticore is moderately wounded.
You carefully extract the barbed spikes from your body.
The manticore bites you but does no damage.
The manticore claws you. The manticore completely misses you.
You closely miss the manticore.
The manticore is moderately wounded.
The manticore bites you!
The manticore claws you but does no damage.
You block the manticore's attack.
You barely miss the manticore.
The manticore is moderately wounded.
The manticore bites you!
The manticore claws you but does no damage.
The manticore claws you.
You barely miss the manticore.
The manticore is moderately wounded.
The manticore bites you! The manticore closely misses you.
You block the manticore's attack.
9653 ||| READING 4 scrolls of teleportation.
As you read the scroll of teleportation, it crumbles to dust.
You feel strangely unstable. The manticore bites you!
You die...

#...........
..........
........
...... ....
#.. #.######
#<.)...#
##@)...#
#....H...#
#........+
#.##.....#
..$ #.......
...
#####....
... .... ...
...


You could see a manticore.

Vanquished Creatures
  A two-headed ogre (D:9)
  Joseph (D:9)
  A hornet (D:9)
  A shadow (D:10)
  Sigmund (D:6)
  12 yaks (D:10)
  A wraith (D:9)
  A steam dragon (D:8)
  2 water moccasins
  An acid dragon (D:10)
  2 ice beasts
  A black bear (D:6)
  3 ogres
  2 centaurs
  5 phantoms
  6 bullfrogs
  3 kobold brigands
  2 gnoll sergeants
  5 scorpions
  9 wights (D:8)
  6 killer bees (D:9)
  4 howler monkeys
  3 jellies
  5 orc priests
  A sleepcap (D:4)
  3 hounds
  2 gnoll boudas
  5 iguanas
  8 orc wizards
  22 gnolls
  6 adders
  A white imp (D:7)
  An ufetubus (D:7)
  A worm (D:2)
  2 dart slugs
  34 orcs
  8 ball pythons
  12 endoplasms
  5 giant cockroaches
  9 goblins
  5 hobgoblins
  19 kobolds
  4 quokkas
  9 bats
  5 frilled lizards
  10 rats
250 creatures vanquished.

Vanquished Creatures (others)
  An orc wizard (D:7)
  2 gnolls (D:8)
3 creatures vanquished.

Grand Total: 253 creatures vanquished

Notes
Turn   | Place    | Note
-------+----------+-------------------------------------------
     0 | D:1      | qw the Gargoyle Fighter began the quest for the Orb.
     0 | D:1      | Reached XP level 1. HP: 14/14 MP: 1/1
     0 | D:1      | 0 ||| qw: Version: 0.2-a-102-gfc559e5
     0 | D:1      | 0 ||| qw: Game counter: 509
     0 | D:1      | 0 ||| qw: Always use a shield: true
     0 | D:1      | 0 ||| qw: God list: Okawaru
     0 | D:1      | 0 ||| qw: Allow faded altars: false
     0 | D:1      | 0 ||| qw: Do Orc after D:15 true
     0 | D:1      | 0 ||| qw: Do second Lair branch before Depths: true
     0 | D:1      | 0 ||| qw: Lair rune preference: random
     0 | D:1      | 0 ||| qw: Plans: Normal, Zot:1-4, Slime:5, God:TSO, Crypt,
                  | Tomb, Pan, Hells, Abyss, Win
     0 | D:1      | 0 ||| PLANNING D:1-11
    77 | D:1      | Reached skill level 2 in Axes
   171 | D:1      | Reached XP level 2. HP: 19/19 MP: 2/2
   209 | D:1      | 209 ||| READING scroll labelled LINAECWOYSS.
   217 | D:1      | 217 ||| READING scroll labelled MORRUWK GUEH.
   356 | D:1      | Found a faded altar of an unknown god.
   596 | D:1      | Reached skill level 3 in Axes
   677 | D:1      | 677 ||| Stepping ~*~*~tactically~*~*~ (stealth).
   680 | D:1      | Reached XP level 3. HP: 23/23 MP: 3/3
  1015 | D:1      | 1015 ||| DRINKING 2 fuming amethyst potions.
  1015 | D:1      | Gained mutation: You are frail. (-10% HP) [potion of
                  | mutation]
  1015 | D:1      | Gained mutation: You are strong-willed. (Will+) [potion of
                  | mutation]
  1016 | D:1      | 1016 ||| DRINKING potion of mutation.
  1016 | D:1      | Lost mutation: You are frail. (-10% HP) [potion of
                  | mutation]
  1016 | D:1      | Lost mutation: You are strong-willed. (Will+) [potion of
                  | mutation]
  1016 | D:1      | Gained mutation: You possess an exceptional clarity of
                  | mind. [potion of mutation]
  1016 | D:1      | Gained mutation: You are vulnerable to heat. (rF-) [potion
                  | of mutation]
  1016 | D:1      | Gained mutation: You have a pair of small antennae on your
                  | head. [potion of mutation]
  1066 | D:2      | 1066 ||| FLEEEEING.
  1067 | D:2      | 1067 ||| FLEEEEING.
  1068 | D:2      | 1068 ||| FLEEEEING.
  1069 | D:2      | 1069 ||| FLEEEEING.
  1070 | D:2      | 1070 ||| FLEEEEING.
  1073 | D:2      | 1073 ||| FLEEEEING.
  1074 | D:2      | 1074 ||| FLEEEEING.
  1075 | D:2      | 1075 ||| STAIRDANCE
  1389 | D:2      | 1389 ||| Stepping ~*~*~tactically~*~*~ (stealth).
  1391 | D:2      | 1391 ||| Stepping ~*~*~tactically~*~*~ (stealth).
  1392 | D:2      | 1392 ||| Stepping ~*~*~tactically~*~*~ (stealth).
  1469 | D:2      | 1469 ||| DROPPING +0 whip.
  1487 | D:2      | Reached XP level 4. HP: 26/28 MP: 4/4
  1599 | D:2      | Reached skill level 4 in Axes
  1701 | D:2      | 1701 ||| Stepping ~*~*~tactically~*~*~ (stealth).
  1702 | D:2      | 1702 ||| Stepping ~*~*~tactically~*~*~ (stealth).
  1767 | D:2      | 1767 ||| DROPPING +6 ring of intelligence.
  1768 | D:2      | 1768 ||| READING scroll labelled MIN LIDGHUBB.
  1769 | D:2      | 1769 ||| READING scroll labelled REOGAO PEMEI.
  1770 | D:2      | 1770 ||| READING scroll labelled IXKAOF HUEMA.
  1771 | D:2      | 1771 ||| READING scroll labelled SUCEFE CAROLIH.
  1772 | D:2      | 1772 ||| DRINKING 2 blue potions.
  1773 | D:2      | 1773 ||| READING 2 scrolls of identify.
  1773 | D:2      | 1773 ||| IDENTIFYING viscous emerald potion
  1774 | D:2      | 1774 ||| DROPPING potion of degeneration.
  1858 | D:3      | 1858 ||| Stepping ~*~*~tactically~*~*~ (hiding).
  1883 | D:3      | Reached XP level 5. HP: 32/32 MP: 5/5
  1914 | D:3      | Reached skill level 5 in Axes
  1937 | D:3      | 1937 ||| FLEEEEING.
  1938 | D:3      | 1938 ||| FLEEEEING.
  1939 | D:3      | 1939 ||| FLEEEEING.
  1940 | D:3      | 1940 ||| FLEEEEING.
  1941 | D:3      | 1941 ||| FLEEEEING.
  1942 | D:3      | 1942 ||| FLEEEEING.
  1943 | D:3      | 1943 ||| FLEEEEING.
  1944 | D:3      | 1944 ||| FLEEEEING.
  1945 | D:3      | 1945 ||| FLEEEEING.
  1946 | D:3      | 1946 ||| FLEEEEING.
  1947 | D:3      | 1947 ||| FLEEEEING.
  1948 | D:3      | 1948 ||| FLEEEEING.
  1949 | D:3      | 1949 ||| FLEEEEING.
  1950 | D:3      | 1950 ||| STAIRDANCE
  2058 | D:3      | 2058 ||| Stepping ~*~*~tactically~*~*~ (stealth).
  2116 | D:3      | 2116 ||| Stepping ~*~*~tactically~*~*~ (stealth).
  2117 | D:3      | 2117 ||| Stepping ~*~*~tactically~*~*~ (stealth).
  2144 | D:3      | Identified the +0 plate armour of the Land of Plenty {rPois
                  | rF+}
  2300 | D:3      | Found a glowing golden altar of the Shining One.
  2300 | D:3      | Found a stormy altar of Qazlal.
  2470 | D:3      | 2470 ||| UPGRADING to +0 plate armour of the Land of Plenty
                  | {rPois rF+}.
  2480 | D:3      | 2480 ||| DROPPING +0 scale mail.
  2481 | D:3      | 2481 ||| UPGRADING to +4 ring of protection.
  2482 | D:3      | 2482 ||| READING scroll labelled TAMAYS TUAC.
  2486 | D:3      | 2486 ||| READING scroll labelled HOEPLYTILUM.
  2514 | D:4      | 2514 ||| STAIRDANCE
  2519 | D:3      | Reached XP level 6. HP: 32/38 MP: 6/6
  2764 | D:4      | 2764 ||| Stepping ~*~*~tactically~*~*~ (hiding).
  2886 | D:4      | 2886 ||| Stepping ~*~*~tactically~*~*~ (hiding).
  2889 | D:4      | 2889 ||| Stepping ~*~*~tactically~*~*~ (hiding).
  2896 | D:4      | Reached skill level 6 in Axes
  2909 | D:4      | 2909 ||| Stepping ~*~*~tactically~*~*~ (hiding).
  3163 | D:4      | 3163 ||| Stepping ~*~*~tactically~*~*~ (hiding).
  3279 | D:4      | Found a staircase to the Ecumenical Temple.
  3280 | D:4      | 3280 ||| PLANNING TEMPLE
  3280 | D:4      | 3280 ||| READING scroll labelled ORUXAAZOOR.
  3281 | D:4      | 3281 ||| READING scroll labelled JYBIOB TITUZO.
  3282 | D:4      | 3282 ||| READING 3 scrolls of identify.
  3282 | D:4      | 3282 ||| IDENTIFYING pink potion
  3283 | D:4      | 3283 ||| READING 2 scrolls of identify.
  3283 | D:4      | 3283 ||| IDENTIFYING clear potion
  3293 | Temple   | Entered the Ecumenical Temple
  3318 | Temple   | 3318 ||| PLANNING OKAWARU WORSHIP
  3563 | Temple   | Became a worshipper of Warmaster Okawaru
  3563 | Temple   | 3563 ||| PLANNING D:1-11
  3677 | D:4      | 3677 ||| Stepping ~*~*~tactically~*~*~ (stealth).
  3678 | D:4      | 3678 ||| Stepping ~*~*~tactically~*~*~ (stealth).
  3791 | D:4      | Reached XP level 7. HP: 43/43 MP: 7/7
  3852 | D:4      | Found a white marble altar of Elyvilon.
  4026 | D:4      | 4026 ||| UPGRADING to +0 pair of gloves.
  4031 | D:4      | 4031 ||| READING scroll of enchant armour.
  4031 | D:4      | 4031 ||| ENCHANTING +0 pair of gloves.
  4036 | D:5      | Entered Level 5 of the Dungeon
  4185 | D:5      | 4185 ||| Stepping ~*~*~tactically~*~*~ (stealth).
  4186 | D:5      | 4186 ||| Stepping ~*~*~tactically~*~*~ (stealth).
  4305 | D:5      | Identified the +4 dagger of Oloacod {venom, Will+}
  4320 | D:5      | Reached skill level 7 in Axes
  4328 | D:5      | Reached * piety under Okawaru
  4376 | D:5      | Reached skill level 1 in Throwing
  4376 | D:5      | Reached skill level 1 in Invocations
  4429 | D:5      | Found Pitoirpheh's Antique Armour Boutique.
  4439 | D:5      | 4439 ||| BUYING glimmering hat (243 gold).
  4439 | D:5      | Bought a glimmering hat for 243 gold pieces
  4439 | D:5      | Identified the +2 hat of Xiot {Str-3 Int+2 Dex+7 SInv} (You
                  | bought it in a shop on level 5 of the Dungeon)
  4494 | D:5      | 4494 ||| DROPPING +0 flail.
  4552 | D:5      | Reached XP level 8. HP: 47/49 MP: 9/9
  4634 | D:5      | 4634 ||| INVOKING Heroism.
  4659 | D:5      | Reached skill level 1 in Dodging
  4659 | D:5      | 4659 ||| INVOKING Heroism.
  4832 | D:5      | Identified the ring of the Bruised Nightmares {rN+++ MP+9
                  | AC+4 Slay+3 Stlth+}
  4834 | D:5      | Found a sacrificial altar of Ru.
  5069 | D:5      | 5069 ||| Stepping ~*~*~tactically~*~*~ (hiding).
  5070 | D:5      | 5070 ||| Stepping ~*~*~tactically~*~*~ (hiding).
  5265 | D:5      | 5265 ||| UPGRADING to +1 hat.
  5270 | D:5      | 5270 ||| UPGRADING to +2 hat of Xiot {Str-3 Int+2 Dex+7
                  | SInv}.
  5280 | D:5      | 5280 ||| DROPPING +1 hat.
  5281 | D:5      | 5281 ||| UPGRADING to ring of the Bruised Nightmares {rN+++
                  | MP+9 AC+4 Slay+3 Stlth+}.
  5338 | D:5      | 5338 ||| READING 2 scrolls of identify.
  5338 | D:5      | 5338 ||| IDENTIFYING bubbling black potion
  5379 | D:6      | 5379 ||| INVOKING Heroism.
  5391 | D:6      | Reached skill level 8 in Axes
  5391 | D:6      | Reached skill level 3 in Invocations
  5521 | D:6      | 5521 ||| Stepping ~*~*~tactically~*~*~ (hiding).
  5523 | D:6      | 5523 ||| Stepping ~*~*~tactically~*~*~ (hiding).
  5524 | D:6      | 5524 ||| Stepping ~*~*~tactically~*~*~ (hiding).
  5754 | D:6      | Reached XP level 9. HP: 54/54 MP: 12/12
  5907 | D:6      | Reached skill level 6 in Fighting
  5914 | D:6      | Noticed Sigmund
  5915 | D:6      | 5915 ||| INVOKING Heroism.
  5925 | D:6      | Killed Sigmund
  5948 | D:6      | 5948 ||| READING scroll labelled XACUPPEARCH.
  5949 | D:6      | 5949 ||| READING scroll labelled CIEFETHAOVO.
  5980 | D:6      | 5980 ||| READING 2 scrolls of identify.
  5980 | D:6      | 5980 ||| IDENTIFYING amethyst potion
  5981 | D:6      | 5981 ||| DROPPING potion of flight.
  6024 | D:7      | 6024 ||| INVOKING Heroism.
  6038 | D:7      | 6038 ||| INVOKING Heroism.
  6165 | D:7      | Reached ** piety under Okawaru
  6166 | D:7      | Reached skill level 9 in Axes
  6252 | D:7      | Found a broken altar of Ashenzari.
  6300 | D:7      | 6300 ||| INVOKING Heroism.
  6304 | D:7      | 6304 ||| Stepping ~*~*~tactically~*~*~ (hiding).
  6312 | D:7      | 6312 ||| Stepping ~*~*~tactically~*~*~ (hiding).
  6317 | D:7      | 6317 ||| Stepping ~*~*~tactically~*~*~ (hiding).
  6322 | D:7      | 6322 ||| Stepping ~*~*~tactically~*~*~ (hiding).
  6330 | D:7      | 6330 ||| Stepping ~*~*~tactically~*~*~ (hiding).
  6333 | D:7      | 6333 ||| INVOKING Heroism.
  6336 | D:7      | 6336 ||| Stepping ~*~*~tactically~*~*~ (hiding).
  6340 | D:7      | 6340 ||| Stepping ~*~*~tactically~*~*~ (hiding).
  6342 | D:7      | 6342 ||| Stepping ~*~*~tactically~*~*~ (hiding).
  6357 | D:7      | 6357 ||| INVOKING Heroism.
  6530 | D:7      | Found a shimmering blue altar of Sif Muna.
  6530 | D:7      | Found a blossoming altar of Fedhas.
  6530 | D:7      | Found a sparkling altar of Nemelex Xobeh.
  6662 | D:7      | 6662 ||| INVOKING Heroism.
  6667 | D:7      | 6667 ||| Stepping ~*~*~tactically~*~*~ (hiding).
  6802 | D:7      | Found a burning altar of Makhleb.
  6802 | D:7      | Noticed a balrug
  6972 | D:7      | 6972 ||| READING 3 scrolls of identify.
  6972 | D:7      | 6972 ||| IDENTIFYING orange potion
  6997 | D:8      | 6997 ||| READING scroll of enchant weapon.
  6997 | D:8      | 6997 ||| ENCHANTING +1 war axe.
  7044 | D:8      | Reached skill level 6 in Armour
  7048 | D:8      | 7048 ||| INVOKING Heroism.
  7056 | D:8      | HP: 13/57 [steam dragon/ball of steam (14)]
  7057 | D:8      | 7057 ||| READING 5 scrolls of teleportation.
  7058 | D:8      | 7058 ||| DRINKING 5 potions of heal wounds.
  7063 | D:8      | Reached XP level 10. HP: 37/63 MP: 13/13
  7074 | D:8      | 7074 ||| INVOKING Heroism.
  7160 | D:8      | 7160 ||| Stepping ~*~*~tactically~*~*~ (hiding).
  7179 | D:8      | 7179 ||| Stepping ~*~*~tactically~*~*~ (stealth).
  7211 | D:8      | 7211 ||| SWAPPING to +0 broad axe.
  7212 | D:8      | 7212 ||| DROPPING +2 war axe.
  7300 | D:8      | Reached skill level 10 in Axes
  7478 | D:8      | 7478 ||| INVOKING Heroism.
  7494 | D:8      | 7494 ||| Stepping ~*~*~tactically~*~*~ (cloud).
  7565 | D:8      | 7565 ||| Stepping ~*~*~tactically~*~*~ (stealth).
  7714 | D:8      | 7714 ||| READING scroll labelled PINKENW ASYF.
  7815 | D:8      | 7815 ||| READING 2 scrolls of identify.
  7815 | D:8      | 7815 ||| IDENTIFYING glowing puce potion
  7862 | D:9      | Noticed Joseph
  7875 | D:9      | 7875 ||| INVOKING Heroism.
  7880 | D:9      | Killed Joseph
  8098 | D:9      | 8098 ||| Stepping ~*~*~tactically~*~*~ (stealth).
  8111 | D:9      | 8111 ||| INVOKING Heroism.
  8205 | D:9      | Noticed a two-headed ogre
  8206 | D:9      | 8206 ||| INVOKING Heroism.
  8213 | D:9      | Killed a two-headed ogre
  8249 | D:9      | Identified the +11 flail of Beogh's Inspiration {protect,
                  | rC- rN++ Str+3 Int+2}
  8251 | D:9      | 8251 ||| DROPPING +2 flail of holy wrath.
  8262 | D:9      | 8262 ||| INVOKING Heroism.
  8497 | D:9      | 8497 ||| Stepping ~*~*~tactically~*~*~ (stealth).
  8505 | D:9      | Reached *** piety under Okawaru
  8707 | D:9      | 8707 ||| READING scroll labelled KYCUZAE TECORA.
  8741 | D:10     | Entered Level 10 of the Dungeon
  8746 | D:10     | 8746 ||| Stepping ~*~*~tactically~*~*~ (stealth).
  8751 | D:10     | 8751 ||| Stepping ~*~*~tactically~*~*~ (stealth).
  8764 | D:10     | 8764 ||| INVOKING Heroism.
  8768 | D:10     | Reached skill level 11 in Axes
  8768 | D:10     | Reached XP level 11. HP: 28/68 MP: 14/14
  9193 | D:10     | Found Veappun's Antique Weapon Emporium.
  9201 | D:10     | 9201 ||| BUYING glowing mace (192 gold).
  9201 | D:10     | Bought a glowing mace for 192 gold pieces
  9201 | D:10     | 9201 ||| DROPPING +4 heavy mace.
  9250 | D:10     | Reached skill level 9 in Fighting
  9257 | D:10     | 9257 ||| FLEEEEING.
  9258 | D:10     | 9258 ||| FLEEEEING.
  9259 | D:10     | 9259 ||| FLEEEEING.
  9260 | D:10     | 9260 ||| FLEEEEING.
  9261 | D:10     | 9261 ||| FLEEEEING.
  9262 | D:10     | 9262 ||| FLEEEEING.
  9263 | D:10     | 9263 ||| FLEEEEING.
  9264 | D:10     | 9264 ||| FLEEEEING.
  9265 | D:10     | 9265 ||| FLEEEEING.
  9266 | D:10     | 9266 ||| FLEEEEING.
  9276 | D:10     | Reached **** piety under Okawaru
  9287 | D:10     | 9287 ||| INVOKING Heroism.
  9638 | D:11     | Noticed a manticore
  9639 | D:11     | 9639 ||| INVOKING Heroism.
  9652 | D:11     | HP: 13/71 [manticore (14)]
  9653 | D:11     | 9653 ||| READING 4 scrolls of teleportation.
  9653 | D:11     | Slain by a manticore

Levels and vault maps discovered:
D:1:      heliophobic_arrival_enchanted_forest, layout_basic,
          hellmonk_ecumenical_altar_zigzags, chequers_serial_rivers_large_a,
          chequers_serial_rivers_small_b, minivault_11
D:2:      layout_loops_cross
D:3:      minmay_spotlight, layout_basic, lemuel_round_altar,
          nicolae_qazlal_scattered_showers
D:4:      layout_cave_pods, lemuel_round_altar, minmay_temple_entry_purple_smoke
D:5:      layout_basic, nicolae_ru_awakened_eye, serial_shops,
          nicolae_shop_hallway_plus, kennysheep_minor_cross
D:6:      layout_gridville, serial_bayou_pond_e, uniq_sigmund
D:7:      layout_loops_ring, ashenzari_conservatory_becter,
          gammafunk_temple_overflow_forgotten, makhleb_altar_promises_db,
          reono_crystal_passage, nrook_loot_triangle
D:8:      layout_loops_ring
D:9:      layout_irregular_city, chequers_serial_rivers_large_b, uniq_joseph
D:10:     layout_layer_cave, serial_shops, shop
D:11:     wander_river, layout_basic, lair_entry_dummy, okawaru_gym_becter
Temple:   compressed_dpeg_triangle_lava_temple

Skill      XL: |  1  2  3  4  5  6  7  8  9 10 11 |
---------------+----------------------------------+-----
Axes           | 2 3 4 5 6 7 8 9 11 | 11.2
Fighting       | 4 5 7 8 9 |  9.0
Armour         | 4 6 7 8 |  8.0
Throwing       | 1 2 |  2.1
Invocations    | 2 4 |  4.2
Dodging        | 1 2 |  2.0
Shields        | 4 5 |  5.0

Action                     |  1- 3 |  4- 6 |  7- 9 | 10-12 || total
---------------------------+-------+-------+-------+-------++-------
  Melee: War axe           |   113 |   194 |   313 |    24 ||   644
         Broad axe         |       |       |       |   162 ||   162
  Throw: Boomerang         |       |     6 |    23 |    36 ||    65
         Javelin           |       |       |    20 |       ||    20
 Invoke: Heroism           |       |       |    11 |     9 ||    20
    Use: Scroll            |     2 |    11 |     8 |     4 ||    25
         Potion            |     2 |     1 |     1 |       ||     4
 Armour: Scale mail        |    53 |    65 |       |       ||   118
         Plate armour      |       |    46 |   197 |   122 ||   365
  Dodge: Dodged            |    38 |    71 |    79 |    70 ||   258
  Block: Buckler           |    17 |    37 |    78 |    62 ||   194

Table legend:
 A = Non-vault XP
 B = Vault XP
 C = Vault XP percentage of total XP
 D = Non-vault monster count
 E = Vault monster count
 F = Vault count percentage of total count
                 A         B        C        D         E       F
            +---------+---------+-------+---------+---------+-------
      Total |   10529 |     670 |   6.0 |     245 |       6 |   2.4
            +---------+---------+-------+---------+---------+-------
        D:1 |      37 |       0 |   0.0 |      22 |       0 |   0.0
        D:2 |      94 |       0 |   0.0 |      26 |       0 |   0.0
        D:3 |     245 |       6 |   2.4 |      27 |       4 |  12.9
        D:4 |     320 |       0 |   0.0 |      27 |       0 |   0.0
        D:5 |    1076 |       0 |   0.0 |      21 |       0 |   0.0
        D:6 |     961 |     214 |  18.2 |      21 |       1 |   4.5
        D:7 |    1427 |       0 |   0.0 |      38 |       0 |   0.0
        D:8 |    1250 |       0 |   0.0 |      23 |       0 |   0.0
        D:9 |    2237 |     450 |  16.7 |      22 |       1 |   4.3
       D:10 |    2838 |       0 |   0.0 |      14 |       0 |   0.0
       D:11 |      44 |       0 |   0.0 |       4 |       0 |   0.0
            +---------+---------+-------+---------+---------+-------
